 Dungeon Crawl Stone Soup version 0.29-a0-901-g46a8461d6a (webtiles) character file.

Game seed: 3922416116550897845

196 wilfster70 the Magician (level 6, -2/40 HPs)
             Began as a Djinni Fire Elementalist on July 23, 2022.
             Slain by Duvessa
             ... wielding a +0 short sword
              (8 damage)
             ... on level 4 of the Dungeon on July 24, 2022.
             The game lasted 00:08:30 (4151 turns).

wilfster70 the Magician (Djinni Fire Elementalist)  Turns: 4151, Time: 00:08:30

Health: -2/40      AC:  6    Str:  7    XL:     6   Next: 4%
Gold:   138        EV: 12    Int: 18    God:
                   SH:  0    Dex: 14

rFire   + + +      SeeInvis .   b - staff of fire
rCold   x . .      Faith    .   (no shield)
rNeg    . . .      Spirit   .   d - +1 robe
rPois   ∞          Reflect  .   e - +2 helmet
rElec   .          Harm     .   (no cloak)
rCorr   .          Rampage  .   (no gloves)
Will    .....                   (boots unavailable)
Stlth   ++........              (no amulet)
HPRegen 0.13/turn               (no ring)
MPRegen 0.00/turn               (no ring)

@: flying
A: sickness immunity, fire resistance 2, cold vulnerability 1, float, innate
caster, HP casting, extra vitality 1
a: no special abilities


You were on level 4 of the Dungeon.
You visited 1 branch of the dungeon, and saw 4 of its levels.

You collected 138 gold pieces.

Inventory:

Hand Weapons
 f - a +2 short sword of protection
Armour
 d - a +1 robe (worn)
 e - a +2 helmet (worn)
 n - a +0 robe of willpower
Magical Staves
 b - a staff of fire (weapon)
Scrolls
 g - a scroll of silence
 j - 3 scrolls of teleportation
 l - a scroll of fear
 r - 2 scrolls of identify
Potions
 c - a potion of brilliance {unknown}
 h - a potion of mutation {unknown}
 i - 2 potions of ambrosia {unknown}
 k - a potion of might {unknown}
 o - a potion of attraction {unknown}


   Skills:
 - Level 2.1 Dodging
 - Level 1.5 Stealth
 + Level 4.8 Spellcasting


You couldn't memorise any spells.
You knew the following spells:

 Your Spells              Type           Power      Damage    Failure   Level
a - Foxfire               Conj/Fire      100%       2x1d9     1%          1
b - Scorch                Fire           64%        2d8       2%          2
c - Conjure Flame         Conj/Fire      32%        6-21      5%          3
d - Inner Flame           Hex/Fire       32%        N/A       5%          3
e - Flame Wave            Conj/Fire      32%        2d8       19%         4
f - Magic Dart            Conj           84%        1d7       1%          1
g - Call Imp              Summ           21%        N/A       2%          2
Your spell library was empty.

Dungeon Overview and Level Annotations

Branches:
Dungeon (4/15)
 Temple: D:4-7

Altars:

Annotations:
D:4 Dowan, Duvessa


Innate Abilities, Weirdness & Mutations

You are immune to sickness and miasma.
You are immune to poison.
Your flesh is very heat resistant. (rF++)
You are vulnerable to cold. (rC-)
You float through the air rather than walking.
You learn spells naturally, not from books.
Your magical power is your life essence.
You have superior vitality. (+4 MHP)


Message History

Confirm with . or Enter, or press ? or * to list all spells.
You feel a surge of power!
Flames lash Duvessa.
Duvessa is burned terribly!
Duvessa is moderately wounded.
Duvessa hits you with a +0 short sword. Duvessa hits you but does no damage.
Duvessa hits you with a +0 short sword.
Casting: Scorch (safe; 2% risk of failure)
Confirm with . or Enter, or press ? or * to list all spells.
You feel a surge of power!
Flames lash Duvessa.
Duvessa is burned terribly!
Duvessa is severely wounded.
You hear the brisk rusting of a drain nearby.
Duvessa completely misses you. Duvessa hits you with a +0 short sword!
* * * LOW HITPOINT WARNING * * *
Duvessa barely misses you.
Casting: Scorch (safe; 2% risk of failure)
Confirm with . or Enter, or press ? or * to list all spells.
You feel a surge of power!
Flames lash Duvessa but do no damage.
* * * LOW HITPOINT WARNING * * *
Duvessa hits you but does no damage. Duvessa completely misses you.
Duvessa hits you with a +0 short sword.
* * * LOW HITPOINT WARNING * * *
You feel better.
Duvessa gestures with her weapon.
Duvessa barely misses you. Duvessa hits you with a +0 short sword.
Casting: Scorch (safe; 2% risk of failure)
Confirm with . or Enter, or press ? or * to list all spells.
You feel a surge of power!
Flames lash Duvessa.
Duvessa is burned terribly!
Duvessa is almost dead.
* * * LOW HITPOINT WARNING * * *
Duvessa hits you with a +0 short sword!
* * * LOW HITPOINT WARNING * * *
Duvessa completely misses you. Duvessa misses you.
You feel better. Duvessa hits you but does no damage.
Casting: Scorch (safe; 2% risk of failure)
Confirm with . or Enter, or press ? or * to list all spells.
You feel a surge of power!
Flames lash the gnoll.
The gnoll is almost dead.
The gnoll's fire resistance burns away.
* * * LOW HITPOINT WARNING * * *
Duvessa hits you with a +0 short sword!
You die...

#.# #.# #.# #.#
#.# #.# #.# #.#
#@# #e#
#######g######<
...<..gg[......
######.########
#. #. #. #.


You could see Duvessa (fast, combustible) and 3 gnolls.

Vanquished Creatures
  3 orc wizards (D:3)
  Robin (D:2)
  2 adders (D:3)
  A worm (D:3)
  2 dart slugs
  8 orcs
  3 bats
  9 endoplasms
  4 giant cockroaches
  18 goblins
  6 hobgoblins
  2 jackals (D:4)
  5 quokkas
  2 ball pythons
  5 frilled lizards
  6 kobolds
  4 rats
81 creatures vanquished.

Vanquished Creatures (collateral kills)
  A foxfire (D:1)
1 creature vanquished.

Vanquished Creatures (others)
  138 foxfires
  A plant (D:1)
139 creatures vanquished.

Grand Total: 221 creatures vanquished

Notes
Turn   | Place    | Note
-------+----------+-------------------------------------------
     0 | D:1      | wilfster70 the Djinni Fire Elementalist began the quest for
                  | the Orb.
     0 | D:1      | wilfster70 set off with the following spells memorised:
                  | Foxfire, Scorch, Conjure Flame, Inner Flame, Flame Wave.
     0 | D:1      | Reached XP level 1. HP: 15/15 MP: 0/0
   473 | D:1      | Reached XP level 2. HP: 14/21 MP: 0/0
   644 | D:1      | Reached skill level 3 in Spellcasting
   928 | D:1      | Reached XP level 3. HP: 24/25 MP: 0/0
   928 | D:1      | Learned a level 1 spell: Magic Dart
  1841 | D:2      | Noticed a great orb of eyes
  1843 | D:2      | Found a faded altar of an unknown god.
  1903 | D:2      | Noticed Robin
  1909 | D:2      | Killed Robin
  1921 | D:2      | Reached XP level 4. HP: 23/31 MP: 0/0
  2213 | D:2      | Noticed a golden eye
  2214 | D:2      | Noticed a golden eye
  2214 | D:2      | Noticed a shining eye
  2975 | D:3      | Reached skill level 4 in Spellcasting
  3220 | D:3      | Reached XP level 5. HP: 34/35 MP: 0/0
  3220 | D:3      | Learned a level 2 spell: Call Imp
  3896 | D:4      | Reached XP level 6. HP: 28/40 MP: 0/0
  4128 | D:4      | Noticed Dowan
  4131 | D:4      | Noticed Duvessa
  4151 | D:4      | Slain by Duvessa

Illustrated notes

Levels and vault maps discovered:
D:1:      onia_arrival_mini_spirals, layout_basic, serial_forest,
          infiniplex_forest_clump_curved, infiniplex_forest_end_2,
          infiniplex_forest_lined_room_, infiniplex_forest_straight_2,
          serial_bayou_ford_a, minivault_19
D:2:      layout_basic, hellmonk_ecumenical_altar_watching_god,
          hangedman_decor_peaks_small, minmay_misc_feat_chi, uniq_robin
D:3:      layout_basic
D:4:      layout_loops_ring, minmay_temple_entry_proselytizer,
          gup_sewer_entry_bowl, supply_closet_lemuel, uniq_duvessa,
          uniq_grinder, uniq_eustachio

Skill      XL: |  1  2  3  4 |
---------------+-------------+-----
Spellcasting   | 3 4 |  4.8
Dodging        | |  2.1
Stealth        | |  1.5

Action                   |  1- 3 |  4- 6 || total
-------------------------+-------+-------++-------
Melee: Staff             |     1 |     3 ||     4
 Cast: Foxfire           |    36 |    46 ||    82
       Scorch            |     8 |    23 ||    31
  Use: Scroll            |     5 |     5 ||    10
       Potion            |       |     3 ||     3
Armor: Robe              |     3 |    13 ||    16
Dodge: Dodged            |     9 |    26 ||    35

Table legend: (Time is in decaauts)
 A = Elapsed time spent in this place.
 B = Non-inter-level travel time spent in this place.
 C = Inter-level travel time spent in this place.
 D = Time resting spent in this place.
 E = Time spent auto-exploring this place.
 F = Levels seen in this place.
 G = Mean time per level.
                   A        B        C        D        E       F      G
               +--------+--------+--------+--------+--------+-----+--------+
         Total |   4151 |   4080 |     71 |   1143 |   1867 |   4 | 1037.8 |
       Dungeon |   4151 |   4080 |     71 |   1143 |   1867 |   4 | 1037.8 |
               +--------+--------+--------+--------+--------+-----+--------+

Top non-repeatable levels by time:
     D:1: 1681 daAuts
     D:2: 1127 daAuts
     D:3: 979 daAuts
     D:4: 363 daAuts
